WCHLSIM.com - West Coast Hockey League
html PUBLIC "-//W3C//DTD XHTML 1.0 Transitional//EN" "http://www.w3.org/TR/xhtml1/DTD/xhtml1-transitional.dtd"> WCHL - Game 760 - OAKLAND GORILLAS vs EDMONTON ICE

OAKLAND GORILLAS vs EDMONTON ICE

Created - 1 février 2020 at 09:55

Goals
1 2 3 T
OAKLAND GORILLAS 0 1 0 1
EDMONTON ICE 2 1 0 3
Shots
1 2 3 T
OAKLAND GORILLAS 5 12 12 29
EDMONTON ICE 18 9 4 31

1st period

1. EDMONTON ICE , Ryan O'Reilly 36 (Oscar Klefbom 28, Patric Hornqvist 26) at 0:47 (PP)
2. EDMONTON ICE , Patric Hornqvist 11 (Conor Sheary 10, Oscar Klefbom 29) at 17:33

Penalties :
Jonas Brodin (OAK) for Hooking (Minor) at 0:11, Jakob Chychrun (OAK) for High sticking (Minor) at 11:30, Jakob Chychrun (OAK) for Interference (Minor) at 14:01

2nd period

3. EDMONTON ICE , Anthony Mantha 25 (Tanner Pearson 6, Patric Hornqvist 27) at 6:01
4. OAKLAND GORILLAS , Ryan Hartman 4 (Jimmy Vesey 21, Brady Tkachuk 21) at 10:55 (PP)

Penalties :
Valtteri Filppula (EDM) for Tripping (Minor) at 6:20, Jakob Chychrun (OAK) for High sticking (Minor) at 6:20, Devin Shore (EDM) for High sticking (Minor) at 9:48

3rd period

No Goal

Penalties :
Ondrej Kase (EDM) for Goalie Interference (Minor) at 1:02, Conor Sheary (EDM) for Hooking (Minor) at 3:42

Goalie Stats

Tristan Jarry (OAK), 28 saves from 31 shots - (0,903), L, 4-5-0, 60:00 minutes
Jake Allen (EDM), 28 saves from 29 shots - (0,966), W, 25-20-1, 60:00 minutes

Players Stats for OAKLAND GORILLAS

Player Name              G  A  P  +/- PIM S  H  SB GA TA FO     MP     PP MP  PK MP  
------------------------------------------------------------------------------------
Brady Tkachuk            0  1  1   0  0   3  5  0  0  0  0/0    20:14   2:33   1:50 
Brandon Dubinsky         0  0  0   0  0   1  0  0  0  0  0/0     6:27   0:00   0:00 
Cedric Paquette          0  0  0  -1  0   0  4  0  0  0  14/29  20:20   2:32   2:44 
Erik Gudbranson          0  0  0   0  0   1  1  0  0  0  0/0    17:40   2:17   2:20 
Filip Hronek             0  0  0  -1  0   3  4  0  0  0  0/0    20:37   2:48   2:14 
Ivan Barbashev           0  0  0  -1  0   0  0  0  0  0  4/11   12:59   0:00   0:00 
Jakob Chychrun           0  0  0  -1  6   1  0  0  0  0  0/0    17:30   0:00   0:00 
Jimmy Vesey              0  1  1  -1  0   3  0  1  0  0  0/1    16:24   2:33   0:00 
John Moore               0  0  0   0  0   0  0  2  0  0  0/0    21:39   2:48   2:20 
Jonas Brodin             0  0  0  -1  2   1  1  1  0  0  0/0    21:42   0:00   0:00 
Jordan Greenway          0  0  0  -1  0   0  1  0  0  0  1/1    12:59   0:00   0:00 
Max McCormick            0  0  0   0  0   0  0  0  0  0  0/0     0:00   0:00   0:00 
Nico Hischier            0  0  0   0  0   6  0  0  0  0  4/4    21:34   2:32   2:44 
Ryan Dzingel             0  0  0  -1  0   4  0  0  0  0  4/6    18:59   2:32   1:50 
Ryan Hartman             1  0  1  -1  0   3  1  0  0  0  0/3    15:32   2:33   0:00 
Ryan Reaves              0  0  0   0  0   0  0  0  0  0  1/1     6:27   0:00   0:00 
Samuel Girard            0  0  0  -1  0   1  1  2  0  0  0/0    20:48   2:17   2:14 
Wayne Simmonds           0  0  0   0  0   2  0  1  0  0  16/27  21:32   0:00   0:00 

Players Stats for EDMONTON ICE

Player Name              G  A  P  +/- PIM S  H  SB GA TA FO     MP     PP MP  PK MP  
------------------------------------------------------------------------------------
Andrew MacDonald         0  0  0   1  0   0  2  0  0  0  0/0    22:38   0:00   1:20 
Anthony Mantha           1  0  1   1  0   6  1  0  0  0  1/1    20:25   3:14   0:50 
Colton Parayko           0  0  0   0  0   0  0  0  0  0  0/0     1:59   0:00   0:00 
Conor Sheary             0  1  1   1  2   1  0  0  0  0  0/3     9:41   0:00   0:00 
Devin Shore              0  0  0   1  2   3  0  0  0  0  4/12   18:59   1:20   0:00 
Eric Fehr                0  0  0   0  0   1  1  0  0  0  8/11   11:11   0:00   3:05 
Jack Johnson             0  0  0   0  0   0  1  1  0  0  0/0    24:02   0:56   3:01 
Jeff Petry               0  0  0   1  0   1  2  0  0  0  0/0    29:24   3:38   3:01 
Loui Eriksson            0  0  0   0  0   2  0  0  0  0  0/0     8:06   0:00   0:00 
Markus Nutivaara         0  0  0   1  0   1  0  1  0  0  0/0    15:57   2:14   0:44 
Ondrej Kase              0  0  0   0  2   1  0  1  0  0  3/7    20:20   1:20   0:00 
Oscar Klefbom            0  2  2   1  0   1  1  2  0  0  0/0    26:00   2:20   2:04 
Oscar Lindberg           0  0  0   0  0   0  3  0  0  0  0/0    15:31   0:00   1:18 
Patric Hornqvist         1  2  3   2  0   4  3  0  0  0  5/18   25:04   3:14   0:00 
Ryan O'Reilly            1  0  1   0  0   1  0  0  0  0  2/2     1:28   0:36   0:00 
Tanner Pearson           0  1  1   1  0   5  0  1  0  0  2/8    23:49   2:38   2:57 
Thomas Novak             0  0  0   0  0   0  0  0  0  0  0/0     0:00   0:00   0:00 
Valtteri Filppula        0  0  0   0  2   4  0  0  0  0  14/21  18:18   1:20   2:00 

3 Stars

1 - Patric Hornqvist (EDM)
2 - Jake Allen (EDM)
3 - Oscar Klefbom (EDM)

Power Play

OAKLAND GORILLAS - 1 on 3 Attempt(s) - 33,33%
EDMONTON ICE - 1 on 3 Attempt(s) - 33,33%

Penalty Kill

OAKLAND GORILLAS - 2 on 3 Attempt(s) - 66,67% - Score 0 goal in Penalty Kill
EDMONTON ICE - 2 on 3 Attempt(s) - 66,67% - Score 0 goal in Penalty Kill

Team Stat

OAKLAND GORILLAS - Hits : 18 - Faceoff Wins : 44 - Blocked Shots : 7 - Penalty Minutes : 8
EDMONTON ICE - Hits : 14 - Faceoff Wins : 39 - Blocked Shots : 6 - Penalty Minutes : 8

Official

Referees : Dan O'Rourke and Jon Mclsaac
Linesman : Joe DeMizio and James Parker

Game Notes

Ryan O'Reilly is injured at 2:11 of 1st period (Sore Left Knee)
Colton Parayko is injured at 6:12 of 1st period (Upper Body)

Finance

Level 1 -- Attendance: 4303 (71,72%) -- Ticket Income 817 570 $
Level 2 -- Attendance: 3845 (76,90%) -- Ticket Income 480 625 $
Level 3 -- Attendance: 1441 (72,05%) -- Ticket Income 144 100 $
Level 4 -- Attendance: 2797 (46,62%) -- Ticket Income 181 805 $
Luxury Box -- Attendance: 780 (78,00%) -- Ticket Income 265 200 $
Total Attendance: 13166 (65,83%)
Total Ticket Income: 1 889 300 $
Other Income: 566 790 $
Total Income: 2 456 090 $

OAKLAND GORILLAS

5 vs 5 Forward 
   Center                   Left Wing                Right Wing               Time % Phy DF OF 
 1 Wayne Simmonds           Brady Tkachuk            Nico Hischier            36     1   1  3  
 2 Cedric Paquette          Ryan Dzingel             Jimmy Vesey              31     1   3  1  
 3 Ivan Barbashev           Ryan Hartman             Jordan Greenway          23     1   3  1  
 4 Wayne Simmonds           Ryan Reaves              Brandon Dubinsky         10     1   3  1  

5 vs 5 Defense 
   Defense                  Defense                                           Time % Phy DF OF 
 1 Jonas Brodin             Jakob Chychrun                                    36     1   1  3  
 2 Filip Hronek             Samuel Girard                                     31     1   1  3  
 3 John Moore               Erik Gudbranson                                   23     1   3  1  
 4 John Moore               Jonas Brodin                                      10     1   3  1  

PowerPlay Forward 
   Center                   Left Wing                Right Wing               Time % Phy DF OF 
 1 Cedric Paquette          Ryan Dzingel             Nico Hischier            55     1   2  2  
 2 Jimmy Vesey              Brady Tkachuk            Ryan Hartman             45     1   2  2  

PowerPlay Defense
   Defense                  Defense                                           Time % Phy DF OF 
 1 Filip Hronek             John Moore                                        55     1   2  2  
 2 Erik Gudbranson          Samuel Girard                                     45     1   2  2  

Penalty Kill 4 Players Forward 
   Center                   Wing                     Time % Phy DF OF 
 1 Cedric Paquette          Nico Hischier            55     1   2  2  
 2 Ryan Dzingel             Brady Tkachuk            45     1   2  2  

Penalty Kill 4 Players Defense
   Defense                  Defense                  Time % Phy DF OF 
 1 Erik Gudbranson          John Moore               55     1   2  2  
 2 Filip Hronek             Samuel Girard            45     1   2  2  

Penalty Kill - 3 Players Forward 
   Forward                                           Time % Phy DF OF 
 1 Ryan Dzingel                                      55     1   2  2  
 2 Brady Tkachuk                                     45     1   2  2  

Penalty Kill - 3 Players Defense
   Defense                  Defense                  Time % Phy DF OF 
 1 Filip Hronek             John Moore               55     1   2  2  
 2 Erik Gudbranson          Samuel Girard            45     1   2  2  

4 vs 4 Forward 
   Center                   Wing                     Time % Phy DF OF 
 1 Nico Hischier            Cedric Paquette          55     1   2  2  
 2 Ryan Dzingel             Brady Tkachuk            45     1   2  2  

4 vs 4 Defense
   Defense                  Defense                  Time % Phy DF OF 
 1 Erik Gudbranson          John Moore               55     1   2  2  
 2 Jonas Brodin             Samuel Girard            45     1   2  2  

Last Minutes Offensive
   Center                   Left Wing                Right Wing               Defense                  Defense                  
   Nico Hischier            Ryan Dzingel             Jimmy Vesey              Jonas Brodin             John Moore               

Last Minutes Defensive
   Center                   Left Wing                Right Wing               Defense                  Defense                  
   Nico Hischier            Ryan Dzingel             Jimmy Vesey              Jonas Brodin             John Moore               

Goaltenders
Starting : Tristan Jarry            
Backup : Louis Domingue           

Extra Forwards
Normal : Brady Tkachuk, Cedric Paquette, Ryan Dzingel - PP : Ryan Dzingel, Cedric Paquette - PK : Ryan Dzingel
Extra Defensemen
Normal : Filip Hronek, Erik Gudbranson, John Moore - PP : Filip Hronek - PK : Erik Gudbranson, John Moore
Penalty Shots
Wayne Simmonds, Cedric Paquette, Ryan Dzingel, Brady Tkachuk, Nico Hischier
Custom OT Lines Forwards
Wayne Simmonds, Nico Hischier, Ryan Dzingel, Brady Tkachuk, Jimmy Vesey, Brandon Dubinsky, Cedric Paquette, Ryan Hartman, Ivan Barbashev, Jordan Greenway
Custom OT Lines Defensemen
Erik Gudbranson, John Moore, Jonas Brodin, Samuel Girard, Filip Hronek

Scratches
Milan Lucic (Suspend), Jeremy Gregoire (Healthy), Matt Benning (Healthy), Nathan Beaulieu (Healthy), Emerson Etem (Healthy)
Sam Reinhart (Abdominal Strain Injury), Travis Boyd (Healthy), Zach O'Brien (Healthy), Antti Raanta (Healthy), Evan Cormier (Healthy)

EDMONTON ICE

5 vs 5 Forward 
   Center                   Left Wing                Right Wing               Time % Phy DF OF 
 1 Ryan O'Reilly            Tanner Pearson           Anthony Mantha           36     0   2  3  
 2 Devin Shore              Conor Sheary             Patric Hornqvist         34     1   2  2  
 3 Valtteri Filppula        Oscar Lindberg           Ondrej Kase              24     1   3  1  
 4 Eric Fehr                Devin Shore              Loui Eriksson            6      0   4  1  

5 vs 5 Defense 
   Defense                  Defense                                           Time % Phy DF OF 
 1 Oscar Klefbom            Jeff Petry                                        36     1   2  2  
 2 Jack Johnson             Colton Parayko                                    34     1   2  2  
 3 Markus Nutivaara         Andrew MacDonald                                  23     0   4  1  
 4 Jeff Petry               Colton Parayko                                    7      1   2  2  

PowerPlay Forward 
   Center                   Left Wing                Right Wing               Time % Phy DF OF 
 1 Ryan O'Reilly            Anthony Mantha           Patric Hornqvist         55     0   1  4  
 2 Valtteri Filppula        Devin Shore              Ondrej Kase              45     0   2  3  

PowerPlay Defense
   Defense                  Defense                                           Time % Phy DF OF 
 1 Oscar Klefbom            Jeff Petry                                        55     0   2  3  
 2 Colton Parayko           Markus Nutivaara                                  45     1   2  2  

Penalty Kill 4 Players Forward 
   Center                   Wing                     Time % Phy DF OF 
 1 Eric Fehr                Tanner Pearson           60     0   4  1  
 2 Valtteri Filppula        Oscar Lindberg           40     0   4  1  

Penalty Kill 4 Players Defense
   Defense                  Defense                  Time % Phy DF OF 
 1 Jack Johnson             Jeff Petry               60     0   5  0  
 2 Oscar Klefbom            Andrew MacDonald         40     0   5  0  

Penalty Kill - 3 Players Forward 
   Forward                                           Time % Phy DF OF 
 1 Eric Fehr                                         55     0   5  0  
 2 Oscar Lindberg                                    45     0   5  0  

Penalty Kill - 3 Players Defense
   Defense                  Defense                  Time % Phy DF OF 
 1 Jack Johnson             Colton Parayko           55     0   5  0  
 2 Jeff Petry               Andrew MacDonald         45     0   5  0  

4 vs 4 Forward 
   Center                   Wing                     Time % Phy DF OF 
 1 Valtteri Filppula        Tanner Pearson           55     0   3  2  
 2 Ryan O'Reilly            Devin Shore              45     1   2  2  

4 vs 4 Defense
   Defense                  Defense                  Time % Phy DF OF 
 1 Andrew MacDonald         Colton Parayko           55     0   3  2  
 2 Jack Johnson             Andrew MacDonald         45     1   2  2  

Last Minutes Offensive
   Center                   Left Wing                Right Wing               Defense                  Defense                  
   Ryan O'Reilly            Anthony Mantha           Patric Hornqvist         Jeff Petry               Oscar Klefbom            

Last Minutes Defensive
   Center                   Left Wing                Right Wing               Defense                  Defense                  
   Ryan O'Reilly            Tanner Pearson           Anthony Mantha           Oscar Klefbom            Jack Johnson             

Goaltenders
Starting : Jake Allen               
Backup : Philipp Grubauer         

Extra Forwards
Normal : Patric Hornqvist, Ondrej Kase, Tanner Pearson - PP : Tanner Pearson, Conor Sheary - PK : Ondrej Kase
Extra Defensemen
Normal : Andrew MacDonald, Oscar Klefbom, Jeff Petry - PP : Jeff Petry - PK : Markus Nutivaara, Andrew MacDonald
Penalty Shots
Ryan O'Reilly, Anthony Mantha, Patric Hornqvist, Ondrej Kase, Valtteri Filppula
Custom OT Lines Forwards
Ryan O'Reilly, Anthony Mantha, Patric Hornqvist, Valtteri Filppula, Ondrej Kase, Loui Eriksson, Tanner Pearson, Conor Sheary, Eric Fehr, Oscar Lindberg
Custom OT Lines Defensemen
Jeff Petry, Colton Parayko, Jack Johnson, Andrew MacDonald, Markus Nutivaara

Scratches
Casey Nelson (Healthy), Kasperi Kapanen (Left Eye Injury), Jaden Schwartz (Lacerated Right Calf Injury)

% Time on Ice - OAKLAND GORILLAS

Lines # - Real PCT - Wanted PCT - Time Play
Normal Forward
1 - 31% - 36% - 15:05
2 - 29% - 31% - 13:51
3 - 27% - 23% - 12:59
4 - 13% - 10% - 6:27
Normal Defense
1 - 36% - 36% - 17:33
2 - 32% - 31% - 15:35
3 - 24% - 23% - 11:46
4 - 7% - 10% - 3:28
PP Forward
1 - 50% - 55% - 2:32
2 - 50% - 45% - 2:33
PP Defense
1 - 55% - 55% - 2:48
2 - 45% - 45% - 2:17
PK Forward
1 - 60% - 55% - 2:44
2 - 40% - 45% - 1:50
PK Defense
1 - 51% - 55% - 2:20
2 - 49% - 45% - 2:14
PK3 Forward
1 - 0% - 55%
2 - 0% - 45%
PK3 Defense
1 - 0% - 55%
2 - 0% - 45%
44 Forward
1 - 61% - 55% - 1:13
2 - 39% - 45% - 0:46
44 Defense
1 - 65% - 55% - 1:17
2 - 35% - 45% - 0:42
Last Minute Offensive  - 0:00
Last Minute Defensive  - 0:00
Total
Forward - 60:00
Defense - 60:00

% Time on Ice - EDMONTON ICE

Lines # - Real PCT - Wanted PCT - Time Play
Normal Forward
1 - 34% - 36% - 16:21
2 - 20% - 34% - 9:42
3 - 29% - 24% - 14:13
4 - 17% - 6% - 8:06
Normal Defense
1 - 19% - 36% - 9:25
2 - 40% - 34% - 19:28
3 - 17% - 23% - 8:01
4 - 24% - 7% - 11:28
PP Forward
1 - 71% - 55% - 3:14
2 - 29% - 45% - 1:20
PP Defense
1 - 51% - 55% - 2:20
2 - 49% - 45% - 2:14
PK Forward
1 - 74% - 60% - 3:47
2 - 26% - 40% - 1:18
PK Defense
1 - 59% - 60% - 3:01
2 - 41% - 40% - 2:04
PK3 Forward
1 - 0% - 55%
2 - 0% - 45%
PK3 Defense
1 - 0% - 55%
2 - 0% - 45%
44 Forward
1 - 95% - 55% - 1:53
2 - 5% - 45% - 0:06
44 Defense
1 - 100% - 55% - 1:59
2 - 0% - 45% - 0:00
Last Minute Offensive  - 0:00
Last Minute Defensive  - 0:00
Total
Forward - 60:00
Defense - 60:00

Play-by-Play

1st period


0:01 of 1st period - Ryan O'Reilly wins face-off versus Wayne Simmonds in neutral zone.
0:11 of 1st period - Minor Penalty to Jonas Brodin for Hooking.
0:12 of 1st period - Ryan O'Reilly wins face-off versus Cedric Paquette in OAKLAND GORILLAS zone.
0:17 of 1st period - Shot by Anthony Mantha.
0:17 of 1st period - Stopped by Tristan Jarry with a rebound.
0:19 of 1st period - Shot by Anthony Mantha.
0:19 of 1st period - Shot Blocked by John Moore.
0:45 of 1st period - Shot by Oscar Klefbom.
0:45 of 1st period - Shot Misses the Net.
0:47 of 1st period - Shot by Ryan O'Reilly.
0:47 of 1st period - Goal by Ryan O'Reilly - OAKLAND GORILLAS : 0 - EDMONTON ICE : 1.
0:48 of 1st period - Ivan Barbashev wins face-off versus Valtteri Filppula in neutral zone.
0:58 of 1st period - Off-side.
0:59 of 1st period - Eric Fehr wins face-off versus Wayne Simmonds in neutral zone.
1:07 of 1st period - Off-side.
1:08 of 1st period - Wayne Simmonds wins face-off versus Devin Shore in neutral zone.
1:29 of 1st period - Shot by Nico Hischier.
1:29 of 1st period - Shot Misses the Net.
1:31 of 1st period - Shot by Erik Gudbranson.
1:31 of 1st period - Stopped by Jake Allen without a rebound.
1:32 of 1st period - Cedric Paquette wins face-off versus Tanner Pearson in EDMONTON ICE zone.
2:10 of 1st period - Ryan O'Reilly is hit by Filip Hronek.
2:11 of 1st period - Ryan O'Reilly from EDMONTON ICE is injured at 2:11 of 1st period (Sore Left Knee).
2:12 of 1st period - Devin Shore wins face-off versus Ryan Hartman in OAKLAND GORILLAS zone.
2:35 of 1st period - Icing by Jonas Brodin.
2:36 of 1st period - Valtteri Filppula wins face-off versus Ivan Barbashev in OAKLAND GORILLAS zone.
3:27 of 1st period - Off-side.
3:28 of 1st period - Devin Shore wins face-off versus Cedric Paquette in neutral zone.
4:35 of 1st period - Shot by Tanner Pearson.
4:35 of 1st period - Stopped by Tristan Jarry without a rebound.
4:36 of 1st period - Valtteri Filppula wins face-off versus Ivan Barbashev in OAKLAND GORILLAS zone.
4:39 of 1st period - Shot by Anthony Mantha.
4:39 of 1st period - Shot Misses the Net.
4:41 of 1st period - Shot by Anthony Mantha.
4:41 of 1st period - Shot Misses the Net.
5:15 of 1st period - Shot by Anthony Mantha.
5:15 of 1st period - Shot Misses the Net.
5:17 of 1st period - Shot by Tanner Pearson.
5:17 of 1st period - Shot Misses the Net.
5:52 of 1st period - Shot by Brady Tkachuk.
5:52 of 1st period - Stopped by Jake Allen without a rebound.
5:53 of 1st period - Valtteri Filppula wins face-off versus Cedric Paquette in EDMONTON ICE zone.
6:03 of 1st period - Icing by Ryan Dzingel.
6:04 of 1st period - Ryan Dzingel wins face-off versus Conor Sheary in OAKLAND GORILLAS zone.
6:11 of 1st period - Colton Parayko is hit by Cedric Paquette and loses puck.
6:12 of 1st period - Colton Parayko from EDMONTON ICE is injured at 6:12 of 1st period (Upper Body).
6:13 of 1st period - Wayne Simmonds wins face-off versus Patric Hornqvist in EDMONTON ICE zone.
6:14 of 1st period - Shot by Nico Hischier.
6:14 of 1st period - Stopped by Jake Allen without a rebound.
6:15 of 1st period - Wayne Simmonds wins face-off versus Patric Hornqvist in EDMONTON ICE zone.
6:15 of 1st period - Wayne Simmonds is hit by Jack Johnson.
6:31 of 1st period - Shot by Tanner Pearson.
6:31 of 1st period - Shot Misses the Net.
6:37 of 1st period - Shot by Tanner Pearson.
6:37 of 1st period - Deflect By Anthony Mantha.
6:37 of 1st period - Shot Misses the Net.
6:51 of 1st period - Shot by Tanner Pearson.
6:51 of 1st period - Shot Blocked by Jonas Brodin.
6:53 of 1st period - Shot by Patric Hornqvist.
6:53 of 1st period - Stopped by Tristan Jarry with a rebound.
6:55 of 1st period - Shot by Tanner Pearson.
6:55 of 1st period - Stopped by Tristan Jarry without a rebound.
6:56 of 1st period - Valtteri Filppula wins face-off versus Cedric Paquette in OAKLAND GORILLAS zone.
7:11 of 1st period - Shot by Ryan Dzingel.
7:11 of 1st period - Shot Misses the Net.
7:41 of 1st period - Filip Hronek is hit by Oscar Lindberg.
7:50 of 1st period - Off-side.
7:51 of 1st period - Wayne Simmonds wins face-off versus Conor Sheary in neutral zone.
8:00 of 1st period - Shot by Ryan Reaves.
8:00 of 1st period - Shot Misses the Net.
8:14 of 1st period - Shot by Devin Shore.
8:14 of 1st period - Stopped by Tristan Jarry without a rebound.
8:15 of 1st period - Ivan Barbashev wins face-off versus Patric Hornqvist in OAKLAND GORILLAS zone.
8:23 of 1st period - Shot by Anthony Mantha.
8:23 of 1st period - Stopped by Tristan Jarry without a rebound.
8:24 of 1st period - Wayne Simmonds wins face-off versus Patric Hornqvist in OAKLAND GORILLAS zone.
8:37 of 1st period - Shot by Tanner Pearson.
8:37 of 1st period - Stopped by Tristan Jarry without a rebound.
8:38 of 1st period - Valtteri Filppula wins face-off versus Ivan Barbashev in OAKLAND GORILLAS zone.
8:41 of 1st period - Shot by Ondrej Kase.
8:41 of 1st period - Shot Misses the Net.
9:30 of 1st period - Icing by Ryan Hartman.
9:31 of 1st period - Ivan Barbashev wins face-off versus Devin Shore in OAKLAND GORILLAS zone.
10:17 of 1st period - Icing by Erik Gudbranson.
10:18 of 1st period - Ondrej Kase wins face-off versus Wayne Simmonds in OAKLAND GORILLAS zone.
10:21 of 1st period - Shot by Tanner Pearson.
10:21 of 1st period - Deflect By Anthony Mantha.
10:21 of 1st period - Stopped by Tristan Jarry with a rebound.
10:23 of 1st period - Shot by Tanner Pearson.
10:23 of 1st period - Shot Misses the Net.
10:25 of 1st period - Shot by Anthony Mantha.
10:25 of 1st period - Shot Misses the Net.
10:27 of 1st period - Shot by Tanner Pearson.
10:27 of 1st period - Shot Misses the Net.
10:29 of 1st period - Shot by Jack Johnson.
10:29 of 1st period - Deflect By Anthony Mantha.
10:29 of 1st period - Shot Misses the Net.
11:11 of 1st period - Shot by Devin Shore.
11:11 of 1st period - Stopped by Tristan Jarry without a rebound.
11:12 of 1st period - Valtteri Filppula wins face-off versus Cedric Paquette in OAKLAND GORILLAS zone.
11:23 of 1st period - Shot by Valtteri Filppula.
11:23 of 1st period - Stopped by Tristan Jarry without a rebound.
11:24 of 1st period - Cedric Paquette wins face-off versus Conor Sheary in OAKLAND GORILLAS zone.
11:30 of 1st period - Minor Penalty to Jakob Chychrun for High sticking.
11:31 of 1st period - Cedric Paquette wins face-off versus Tanner Pearson in OAKLAND GORILLAS zone.
11:44 of 1st period - Shot by Anthony Mantha.
11:44 of 1st period - Deflect By Patric Hornqvist.
11:44 of 1st period - Stopped by Tristan Jarry with a rebound.
12:14 of 1st period - Icing by Jeff Petry.
12:15 of 1st period - Ryan Dzingel wins face-off versus Tanner Pearson in EDMONTON ICE zone.
12:46 of 1st period - Ondrej Kase is hit by Brady Tkachuk and loses puck.
12:50 of 1st period - Icing by Ondrej Kase.
12:51 of 1st period - Cedric Paquette wins face-off versus Valtteri Filppula in EDMONTON ICE zone.
13:06 of 1st period - Shot by Oscar Klefbom.
13:06 of 1st period - Shot Misses the Net.
13:08 of 1st period - Shot by Oscar Klefbom.
13:08 of 1st period - Stopped by Tristan Jarry with a rebound.
13:10 of 1st period - Shot by Valtteri Filppula.
13:10 of 1st period - Stopped by Tristan Jarry without a rebound.
13:11 of 1st period - Tanner Pearson wins face-off versus Cedric Paquette in OAKLAND GORILLAS zone.
13:54 of 1st period - Jonas Brodin is hit by Eric Fehr and loses puck.
14:01 of 1st period - Minor Penalty to Jakob Chychrun for Interference.
14:02 of 1st period - Ryan Dzingel wins face-off versus Tanner Pearson in OAKLAND GORILLAS zone.
14:02 of 1st period - Ryan Dzingel is hit by Patric Hornqvist.
14:56 of 1st period - Shot by Ondrej Kase.
14:56 of 1st period - Stopped by Tristan Jarry without a rebound.
14:57 of 1st period - Cedric Paquette wins face-off versus Tanner Pearson in OAKLAND GORILLAS zone.
15:09 of 1st period - Off-side.
15:10 of 1st period - Valtteri Filppula wins face-off versus Cedric Paquette in neutral zone.
15:17 of 1st period - Shot by Ondrej Kase.
15:17 of 1st period - Deflect By Valtteri Filppula.
15:17 of 1st period - Shot Blocked by Samuel Girard.
15:19 of 1st period - Shot by Devin Shore.
15:19 of 1st period - Shot Misses the Net.
15:27 of 1st period - Shot by Devin Shore.
15:27 of 1st period - Stopped by Tristan Jarry with a rebound.
15:29 of 1st period - Shot by Markus Nutivaara.
15:29 of 1st period - Stopped by Tristan Jarry without a rebound.
15:30 of 1st period - Tanner Pearson wins face-off versus Ryan Dzingel in OAKLAND GORILLAS zone.
16:07 of 1st period - Shot by Wayne Simmonds.
16:07 of 1st period - Stopped by Jake Allen with a rebound.
16:09 of 1st period - Shot by Jonas Brodin.
16:09 of 1st period - Stopped by Jake Allen without a rebound.
16:10 of 1st period - Valtteri Filppula wins face-off versus Wayne Simmonds in EDMONTON ICE zone.
16:14 of 1st period - Off-side.
16:15 of 1st period - Valtteri Filppula wins face-off versus Wayne Simmonds in neutral zone.
16:15 of 1st period - Oscar Lindberg is hit by Brady Tkachuk and loses puck.
16:23 of 1st period - Andrew MacDonald is hit by Filip Hronek and loses puck.
16:54 of 1st period - Oscar Lindberg is hit by Filip Hronek and loses puck.
17:33 of 1st period - Shot by Patric Hornqvist.
17:33 of 1st period - Goal by Patric Hornqvist - OAKLAND GORILLAS : 0 - EDMONTON ICE : 2.
17:34 of 1st period - Ivan Barbashev wins face-off versus Ondrej Kase in neutral zone.
18:28 of 1st period - Off-side.
18:29 of 1st period - Wayne Simmonds wins face-off versus Devin Shore in neutral zone.
18:52 of 1st period - Brady Tkachuk is hit by Andrew MacDonald and loses puck.
Goals for this period are 0 for OAKLAND GORILLAS vs 2 for EDMONTON ICE.
Shots for this period are 5 for OAKLAND GORILLAS vs 18 for EDMONTON ICE.

2nd period


0:01 of 2nd period - Cedric Paquette wins face-off versus Devin Shore in neutral zone.
0:10 of 2nd period - Off-side.
0:11 of 2nd period - Wayne Simmonds wins face-off versus Patric Hornqvist in neutral zone.
0:22 of 2nd period - Shot by Brady Tkachuk.
0:22 of 2nd period - Deflect By Nico Hischier.
0:22 of 2nd period - Shot Misses the Net.
0:24 of 2nd period - Shot by Nico Hischier.
0:24 of 2nd period - Shot Misses the Net.
1:05 of 2nd period - Icing by Samuel Girard.
1:06 of 2nd period - Wayne Simmonds wins face-off versus Ondrej Kase in OAKLAND GORILLAS zone.
1:06 of 2nd period - Wayne Simmonds is hit by Oscar Lindberg.
1:19 of 2nd period - Icing by Markus Nutivaara.
1:20 of 2nd period - Valtteri Filppula wins face-off versus Cedric Paquette in EDMONTON ICE zone.
1:20 of 2nd period - Valtteri Filppula is hit by Cedric Paquette.
1:23 of 2nd period - Icing by Ondrej Kase.
1:24 of 2nd period - Cedric Paquette wins face-off versus Valtteri Filppula in EDMONTON ICE zone.
1:29 of 2nd period - Shot by Ryan Dzingel.
1:29 of 2nd period - Shot Misses the Net.
1:51 of 2nd period - Cedric Paquette is hit by Oscar Lindberg and loses puck.
2:00 of 2nd period - Shot by Jimmy Vesey.
2:00 of 2nd period - Shot Blocked by Ondrej Kase.
2:02 of 2nd period - Shot by Jimmy Vesey.
2:02 of 2nd period - Stopped by Jake Allen without a rebound.
2:03 of 2nd period - Devin Shore wins face-off versus Ryan Hartman in EDMONTON ICE zone.
2:37 of 2nd period - Shot by Patric Hornqvist.
2:37 of 2nd period - Shot Hit the Post.
2:39 of 2nd period - Shot by Jeff Petry.
2:39 of 2nd period - Stopped by Tristan Jarry without a rebound.
2:40 of 2nd period - Wayne Simmonds wins face-off versus Ondrej Kase in OAKLAND GORILLAS zone.
2:51 of 2nd period - Shot by Nico Hischier.
2:51 of 2nd period - Stopped by Jake Allen without a rebound.
2:52 of 2nd period - Cedric Paquette wins face-off versus Patric Hornqvist in EDMONTON ICE zone.
3:15 of 2nd period - Shot by Ryan Dzingel.
3:15 of 2nd period - Shot Misses the Net.
3:17 of 2nd period - Shot by Jakob Chychrun.
3:17 of 2nd period - Stopped by Jake Allen without a rebound.
3:18 of 2nd period - Valtteri Filppula wins face-off versus Wayne Simmonds in EDMONTON ICE zone.
3:31 of 2nd period - Shot by Valtteri Filppula.
3:31 of 2nd period - Stopped by Tristan Jarry with a rebound.
3:41 of 2nd period - Shot by Oscar Lindberg.
3:41 of 2nd period - Deflect By Valtteri Filppula.
3:41 of 2nd period - Stopped by Tristan Jarry with a rebound.
4:01 of 2nd period - Shot by Ondrej Kase.
4:01 of 2nd period - Deflect By Valtteri Filppula.
4:01 of 2nd period - Shot Misses the Net.
4:29 of 2nd period - Shot by Jimmy Vesey.
4:29 of 2nd period - Deflect By Ryan Dzingel.
4:29 of 2nd period - Stopped by Jake Allen without a rebound.
4:30 of 2nd period - Eric Fehr wins face-off versus Ivan Barbashev in EDMONTON ICE zone.
5:13 of 2nd period - Jack Johnson is hit by Jordan Greenway and loses puck.
5:36 of 2nd period - Ryan Hartman is hit by Patric Hornqvist and loses puck.
5:59 of 2nd period - Shot by Tanner Pearson.
5:59 of 2nd period - Shot Misses the Net.
6:01 of 2nd period - Shot by Tanner Pearson.
6:01 of 2nd period - Deflect By Anthony Mantha.
6:01 of 2nd period - Goal by Anthony Mantha - OAKLAND GORILLAS : 0 - EDMONTON ICE : 3.
6:02 of 2nd period - Cedric Paquette wins face-off versus Valtteri Filppula in neutral zone.
6:20 of 2nd period - Minor Penalty to Valtteri Filppula for Tripping.
6:20 of 2nd period - Minor Penalty to Jakob Chychrun for High sticking.
6:21 of 2nd period - Patric Hornqvist wins face-off versus Cedric Paquette in OAKLAND GORILLAS zone.
6:41 of 2nd period - Off-side.
6:42 of 2nd period - Nico Hischier wins face-off versus Tanner Pearson in neutral zone.
6:45 of 2nd period - Oscar Klefbom is hit by Cedric Paquette.
6:51 of 2nd period - Shot by Tanner Pearson.
6:51 of 2nd period - Stopped by Tristan Jarry without a rebound.
6:52 of 2nd period - Patric Hornqvist wins face-off versus Ryan Dzingel in OAKLAND GORILLAS zone.
7:13 of 2nd period - Shot by Patric Hornqvist.
7:13 of 2nd period - Stopped by Tristan Jarry without a rebound.
7:14 of 2nd period - Nico Hischier wins face-off versus Ondrej Kase in OAKLAND GORILLAS zone.
8:22 of 2nd period - Shot by Brandon Dubinsky.
8:22 of 2nd period - Stopped by Jake Allen without a rebound.
8:23 of 2nd period - Devin Shore wins face-off versus Wayne Simmonds in EDMONTON ICE zone.
9:48 of 2nd period - Minor Penalty to Devin Shore for High sticking.
9:49 of 2nd period - Eric Fehr wins face-off versus Cedric Paquette in EDMONTON ICE zone.
10:53 of 2nd period - Shot by Jimmy Vesey.
10:53 of 2nd period - Shot Misses the Net.
10:55 of 2nd period - Shot by Ryan Hartman.
10:55 of 2nd period - Goal by Ryan Hartman - OAKLAND GORILLAS : 1 - EDMONTON ICE : 3.
10:56 of 2nd period - Wayne Simmonds wins face-off versus Devin Shore in neutral zone.
11:41 of 2nd period - Off-side.
11:42 of 2nd period - Valtteri Filppula wins face-off versus Cedric Paquette in neutral zone.
11:47 of 2nd period - Shot by Ondrej Kase.
11:47 of 2nd period - Shot Misses the Net.
11:59 of 2nd period - Shot by Ondrej Kase.
11:59 of 2nd period - Shot Blocked by Samuel Girard.
13:03 of 2nd period - Shot by Anthony Mantha.
13:03 of 2nd period - Shot Misses the Net.
13:05 of 2nd period - Shot by Tanner Pearson.
13:05 of 2nd period - Stopped by Tristan Jarry without a rebound.
13:06 of 2nd period - Wayne Simmonds wins face-off versus Eric Fehr in OAKLAND GORILLAS zone.
13:17 of 2nd period - Shot by Brady Tkachuk.
13:17 of 2nd period - Stopped by Jake Allen with a rebound.
14:34 of 2nd period - Icing by Erik Gudbranson.
14:35 of 2nd period - Ondrej Kase wins face-off versus Ivan Barbashev in OAKLAND GORILLAS zone.
14:58 of 2nd period - Off-side.
14:59 of 2nd period - Anthony Mantha wins face-off versus Cedric Paquette in neutral zone.
15:14 of 2nd period - Shot by Tanner Pearson.
15:14 of 2nd period - Shot Blocked by Jimmy Vesey.
15:24 of 2nd period - Shot by Ryan Dzingel.
15:24 of 2nd period - Deflect By Jimmy Vesey.
15:24 of 2nd period - Stopped by Jake Allen without a rebound.
15:25 of 2nd period - Valtteri Filppula wins face-off versus Wayne Simmonds in EDMONTON ICE zone.
15:37 of 2nd period - Shot by Wayne Simmonds.
15:37 of 2nd period - Shot Misses the Net.
15:39 of 2nd period - Shot by Jonas Brodin.
15:39 of 2nd period - Shot Misses the Net.
15:41 of 2nd period - Shot by Jakob Chychrun.
15:41 of 2nd period - Shot Misses the Net.
15:49 of 2nd period - Shot by Nico Hischier.
15:49 of 2nd period - Stopped by Jake Allen without a rebound.
15:50 of 2nd period - Cedric Paquette wins face-off versus Patric Hornqvist in EDMONTON ICE zone.
15:53 of 2nd period - Shot by Filip Hronek.
15:53 of 2nd period - Shot Hit the Post.
16:05 of 2nd period - Shot by Jimmy Vesey.
16:05 of 2nd period - Shot Misses the Net.
16:26 of 2nd period - Shot by Jimmy Vesey.
16:26 of 2nd period - Stopped by Jake Allen with a rebound.
16:28 of 2nd period - Shot by Samuel Girard.
16:28 of 2nd period - Stopped by Jake Allen with a rebound.
16:30 of 2nd period - Shot by Jimmy Vesey.
16:30 of 2nd period - Deflect By Ryan Dzingel.
16:30 of 2nd period - Shot Hit the Post.
16:32 of 2nd period - Shot by Filip Hronek.
16:32 of 2nd period - Stopped by Jake Allen without a rebound.
16:33 of 2nd period - Nico Hischier wins face-off versus Valtteri Filppula in EDMONTON ICE zone.
17:02 of 2nd period - Shot by Oscar Lindberg.
17:02 of 2nd period - Shot Misses the Net.
17:59 of 2nd period - Icing by Eric Fehr.
18:00 of 2nd period - Cedric Paquette wins face-off versus Eric Fehr in EDMONTON ICE zone.
18:22 of 2nd period - Anthony Mantha is hit by Samuel Girard and loses puck.
18:51 of 2nd period - Shot by Anthony Mantha.
18:51 of 2nd period - Shot Misses the Net.
18:53 of 2nd period - Shot by Anthony Mantha.
18:53 of 2nd period - Stopped by Tristan Jarry without a rebound.
18:54 of 2nd period - Valtteri Filppula wins face-off versus Ivan Barbashev in OAKLAND GORILLAS zone.
19:54 of 2nd period - Shot by Loui Eriksson.
19:54 of 2nd period - Stopped by Tristan Jarry without a rebound.
19:55 of 2nd period - Patric Hornqvist wins face-off versus Wayne Simmonds in OAKLAND GORILLAS zone.
Goals for this period are 1 for OAKLAND GORILLAS vs 1 for EDMONTON ICE.
Shots for this period are 12 for OAKLAND GORILLAS vs 9 for EDMONTON ICE.

3rd period


0:01 of 3rd period - Nico Hischier wins face-off versus Devin Shore in neutral zone.
0:09 of 3rd period - Nico Hischier is hit by Oscar Klefbom and loses puck.
0:31 of 3rd period - Wayne Simmonds is hit by Jeff Petry.
0:37 of 3rd period - Shot by Nico Hischier.
0:37 of 3rd period - Deflect By Wayne Simmonds.
0:37 of 3rd period - Stopped by Jake Allen without a rebound.
0:38 of 3rd period - Ondrej Kase wins face-off versus Cedric Paquette in EDMONTON ICE zone.
1:02 of 3rd period - Minor Penalty to Ondrej Kase for Goalie Interference.
1:03 of 3rd period - Eric Fehr wins face-off versus Jimmy Vesey in EDMONTON ICE zone.
1:20 of 3rd period - Shot by Jimmy Vesey.
1:20 of 3rd period - Shot Misses the Net.
3:03 of 3rd period - Icing by Oscar Klefbom.
3:04 of 3rd period - Wayne Simmonds wins face-off versus Devin Shore in EDMONTON ICE zone.
3:34 of 3rd period - Brandon Dubinsky is hit by Andrew MacDonald and loses puck.
3:41 of 3rd period - Jonas Brodin is hit by Patric Hornqvist.
3:42 of 3rd period - Minor Penalty to Conor Sheary for Hooking.
3:43 of 3rd period - Eric Fehr wins face-off versus Ryan Hartman in EDMONTON ICE zone.
3:43 of 3rd period - Eric Fehr is hit by Ryan Hartman.
4:18 of 3rd period - Shot by Brady Tkachuk.
4:18 of 3rd period - Stopped by Jake Allen without a rebound.
4:19 of 3rd period - Eric Fehr wins face-off versus Cedric Paquette in EDMONTON ICE zone.
5:59 of 3rd period - Icing by Andrew MacDonald.
6:00 of 3rd period - Ryan Reaves wins face-off versus Patric Hornqvist in EDMONTON ICE zone.
6:25 of 3rd period - Shot by Patric Hornqvist.
6:25 of 3rd period - Deflect By Devin Shore.
6:25 of 3rd period - Shot Misses the Net.
7:39 of 3rd period - Shot by Patric Hornqvist.
7:39 of 3rd period - Shot Misses the Net.
7:45 of 3rd period - Andrew MacDonald is hit by Cedric Paquette.
8:03 of 3rd period - Shot by Ryan Dzingel.
8:03 of 3rd period - Stopped by Jake Allen without a rebound.
8:04 of 3rd period - Wayne Simmonds wins face-off versus Valtteri Filppula in EDMONTON ICE zone.
8:07 of 3rd period - Shot by Nico Hischier.
8:07 of 3rd period - Stopped by Jake Allen without a rebound.
8:08 of 3rd period - Wayne Simmonds wins face-off versus Valtteri Filppula in EDMONTON ICE zone.
8:50 of 3rd period - Shot by Nico Hischier.
8:50 of 3rd period - Stopped by Jake Allen with a rebound.
9:27 of 3rd period - Shot by Patric Hornqvist.
9:27 of 3rd period - Shot Misses the Net.
10:11 of 3rd period - Shot by Ryan Hartman.
10:11 of 3rd period - Stopped by Jake Allen without a rebound.
10:12 of 3rd period - Wayne Simmonds wins face-off versus Eric Fehr in EDMONTON ICE zone.
10:41 of 3rd period - Shot by Devin Shore.
10:41 of 3rd period - Deflect By Loui Eriksson.
10:41 of 3rd period - Stopped by Tristan Jarry with a rebound.
10:43 of 3rd period - Shot by Eric Fehr.
10:43 of 3rd period - Stopped by Tristan Jarry with a rebound.
10:45 of 3rd period - Shot by Devin Shore.
10:45 of 3rd period - Shot Misses the Net.
11:12 of 3rd period - Shot by Ivan Barbashev.
11:12 of 3rd period - Shot Blocked by Jack Johnson.
11:16 of 3rd period - Shot by Jordan Greenway.
11:16 of 3rd period - Shot Misses the Net.
11:18 of 3rd period - Shot by Erik Gudbranson.
11:18 of 3rd period - Shot Blocked by Markus Nutivaara.
11:24 of 3rd period - Shot by Ryan Hartman.
11:24 of 3rd period - Stopped by Jake Allen without a rebound.
11:25 of 3rd period - Cedric Paquette wins face-off versus Patric Hornqvist in EDMONTON ICE zone.
11:28 of 3rd period - Shot by Ryan Dzingel.
11:28 of 3rd period - Shot Blocked by Tanner Pearson.
11:30 of 3rd period - Shot by Filip Hronek.
11:30 of 3rd period - Stopped by Jake Allen with a rebound.
11:42 of 3rd period - Shot by Ryan Dzingel.
11:42 of 3rd period - Shot Blocked by Oscar Klefbom.
11:44 of 3rd period - Shot by Jimmy Vesey.
11:44 of 3rd period - Shot Misses the Net.
11:52 of 3rd period - Shot by Jimmy Vesey.
11:52 of 3rd period - Shot Misses the Net.
11:54 of 3rd period - Shot by Cedric Paquette.
11:54 of 3rd period - Deflect By Ryan Dzingel.
11:54 of 3rd period - Stopped by Jake Allen without a rebound.
11:55 of 3rd period - Eric Fehr wins face-off versus Ivan Barbashev in EDMONTON ICE zone.
12:16 of 3rd period - Shot by Ivan Barbashev.
12:16 of 3rd period - Shot Misses the Net.
13:13 of 3rd period - Shot by Nico Hischier.
13:13 of 3rd period - Stopped by Jake Allen without a rebound.
13:14 of 3rd period - Cedric Paquette wins face-off versus Patric Hornqvist in EDMONTON ICE zone.
13:26 of 3rd period - Shot by Ryan Dzingel.
13:26 of 3rd period - Shot Blocked by Oscar Klefbom.
13:28 of 3rd period - Shot by Filip Hronek.
13:28 of 3rd period - Stopped by Jake Allen with a rebound.
13:48 of 3rd period - Shot by Ryan Dzingel.
13:48 of 3rd period - Stopped by Jake Allen without a rebound.
13:49 of 3rd period - Eric Fehr wins face-off versus Wayne Simmonds in EDMONTON ICE zone.
13:49 of 3rd period - Eric Fehr is hit by Brady Tkachuk.
14:04 of 3rd period - Eric Fehr is hit by Jonas Brodin.
14:35 of 3rd period - Oscar Klefbom is hit by Brady Tkachuk and loses puck.
14:47 of 3rd period - Oscar Klefbom is hit by Erik Gudbranson and loses puck.
14:53 of 3rd period - Off-side.
14:54 of 3rd period - Cedric Paquette wins face-off versus Patric Hornqvist in neutral zone.
14:57 of 3rd period - Shot by Ryan Dzingel.
14:57 of 3rd period - Shot Misses the Net.
15:11 of 3rd period - Shot by Anthony Mantha.
15:11 of 3rd period - Stopped by Tristan Jarry without a rebound.
15:12 of 3rd period - Jordan Greenway wins face-off versus Devin Shore in OAKLAND GORILLAS zone.
15:32 of 3rd period - Shot by Devin Shore.
15:32 of 3rd period - Shot Misses the Net.
15:34 of 3rd period - Shot by Conor Sheary.
15:34 of 3rd period - Stopped by Tristan Jarry without a rebound.
15:35 of 3rd period - Wayne Simmonds wins face-off versus Patric Hornqvist in OAKLAND GORILLAS zone.
15:40 of 3rd period - Oscar Klefbom is hit by Brady Tkachuk and loses puck.
15:48 of 3rd period - Icing by Anthony Mantha.
15:49 of 3rd period - Patric Hornqvist wins face-off versus Cedric Paquette in EDMONTON ICE zone.
15:59 of 3rd period - Icing by Jack Johnson.
16:00 of 3rd period - Patric Hornqvist wins face-off versus Wayne Simmonds in EDMONTON ICE zone.
16:49 of 3rd period - Shot by Ondrej Kase.
16:49 of 3rd period - Shot Misses the Net.
16:54 of 3rd period - Ondrej Kase is hit by Filip Hronek and loses puck.
16:57 of 3rd period - Shot by Valtteri Filppula.
16:57 of 3rd period - Shot Blocked by Wayne Simmonds.
17:39 of 3rd period - Icing by Jonas Brodin.
17:40 of 3rd period - Ryan Dzingel wins face-off versus Patric Hornqvist in OAKLAND GORILLAS zone.
17:59 of 3rd period - Shot by Jimmy Vesey.
17:59 of 3rd period - Shot Misses the Net.
18:19 of 3rd period - Shot by Anthony Mantha.
18:19 of 3rd period - Shot Misses the Net.
18:45 of 3rd period - Jordan Greenway is hit by Jeff Petry.
18:59 of 3rd period - Ryan Reaves is hit by Anthony Mantha and loses puck.
19:20 of 3rd period - Shot by Loui Eriksson.
19:20 of 3rd period - Shot Misses the Net.
19:34 of 3rd period - Shot by Devin Shore.
19:34 of 3rd period - Shot Misses the Net.
19:36 of 3rd period - Shot by Eric Fehr.
19:36 of 3rd period - Shot Blocked by John Moore.
Goals for this period are 0 for OAKLAND GORILLAS vs 0 for EDMONTON ICE.
Shots for this period are 12 for OAKLAND GORILLAS vs 4 for EDMONTON ICE.


NATHAN
MACKINNON
PHILLIP
DANAULT
CONNOR
MCDAVID

EAST COAST

HOCKEY LEAGUE

  • 25.QUE4CHI5
  • 26.CHA2LIM3
  • 27.TRV2LON3
  • 28.CHW4BAL2
  • 29.PITMAN
  • 30.ATLNHW
  • 31.WORPET
  • 32.RHI